 Dungeon Crawl Stone Soup version 0.31-a0-538-gbc85326fa9 (webtiles) character file.

Game seed: 15947071714006018767

1286499 Voda the Intangible (level 23, 84/117 HPs)
             Began as a Felid Delver on Aug 11, 2023.
             Was an Initiate of Gozag.
             Escaped with the Orb
             ... and 3 runes on Aug 13, 2023!
             The game lasted 08:16:29 (107210 turns).

Voda the Intangible (Felid Delver)                Turns: 107210, Time: 08:16:30

Health: 84/117     AC:  3    Str:  6    XL:     23   Next: 77%
Magic:  33/33      EV: 43    Int: 25    God:    Gozag
Gold:   6614       SH:  5    Dex: 21    Spells: 0/34 levels left
                                        Lives:  1   Deaths: 5

rFire   + +          .
                       - Unarmed
rCold   + . .        (shield unavailable)
rNeg    . . .        (body armour unavailable)
rPois   .            (helmet unavailable)
rElec   .            (cloak unavailable)
rCorr   +            (gloves unavailable)
SInv    +            (boots unavailable)
Will    +++..        z - amulet "Ycif" {Reflect rC+ Int+2 SH+5}
Stlth   +++          X - ring of protection from fire
HPRegen 0.39/turn    j - ring "Nexeto" {Fire rCorr Int+4 Slay+2}
MPRegen 0.23/turn

%: reflection, clarity
@: blade hands, gold aura, studying Fighting, quick
A: very small, claws 1, fangs 3, see invisible, speed 1, shaggy fur 3, (stealthy
paws), no weapons or thrown items, no armour, multi-lived, clarity, weak 1
0: Orb of Zot
}: 3/15 runes: decaying, silver, gossamer
a: Begin Untransformation, Renounce Religion, Potion Petition, Call Merchant,
Bribe Branch


You escaped.
You worshipped Gozag.
Gozag was greatly pleased with you.
You had blades for front paws.
You visited 10 branches of the dungeon, and saw 48 of its levels.
You visited 1 bazaar.
You also visited: Desolation.

You collected 25905 gold pieces.
You spent 655 gold pieces at shops.
You paid 18636 gold pieces to Gozag.

Inventory:

Jewellery
 j - the ring "Nexeto" (right blade hand) {Fire rCorr Int+4 Slay+2}
   (You found it on level 7 of the Dungeon)

   [ring of fire]

   Fire:      It enhances your fire magic.
   Int+4:     It affects your intelligence (+4).
   Slay+2:    It affects your accuracy & damage with ranged weapons and melee
   (+2).
   rF+:       It protects you from fire.
   rC-:       It makes you vulnerable to cold.
   rCorr:     It protects you from acid and corrosion.
 m - a +5 ring of evasion
 u - a +6 ring of intelligence
 z - the amulet "Ycif" (around neck) {Reflect rC+ Int+2 SH+5}
   (You acquired it on level 5 of the Lair of Beasts)

   [amulet of reflection]

   Reflect:   It reflects blocked missile attacks.
   Int+2:     It affects your intelligence (+2).
   rC+:       It protects you from cold.
   SH+5:      It affects your SH (+5).
 A - an amulet of magic regeneration
 I - a +4 ring of slaying
 L - the ring "Ezxev" {rElec rN+}
   (You found it on level 11 of the Dungeon)

   [ring of positive energy]

   rElec:     It insulates you from electricity.
   rN+:       It protects you from negative energy.
 O - a +4 ring of protection
 P - a ring of resist corrosion
 Q - an amulet of guardian spirit
 R - a ring of protection from fire
 S - the ring of Ogucid {rC+ Will+ Dex+2 Stlth+}
   (You acquired it on level 2 of the Spider Nest)

   [ring of willpower]

   Dex+2:     It affects your dexterity (+2).
   rC+:       It protects you from cold.
   Will+:     It increases your willpower.
   Stlth+:    It makes you more stealthy.
 X - a ring of protection from fire (left blade hand)
 Y - a +4 ring of protection
 Z - the ring "Nuukoc" {rPois rC+ Str-4 Int+6 Stlth+}
   (You found it in the Desolation of Salt)

   [ring of intelligence]

   Str-4:     It affects your strength (-4).
   Int+6:     It affects your intelligence (+6).
   rC+:       It protects you from cold.
   rPois:     It protects you from poison Stlth+: It makes you more stealthy.
Talismans
 q - a beast talisman
 H - a blade talisman (active)
Wands
 e - a wand of digging (12)
 t - a wand of mindburst (24)
 v - a wand of paralysis (43)
 x - a wand of roots (13)
 M - a wand of flame (65)
 N - a wand of polymorph (21)
Scrolls
 a - 2 scrolls of fog
 b - 11 scrolls of revelation
 c - 4 scrolls of fear
 d - 11 scrolls of noise
 i - 8 scrolls of amnesia
 s - 15 scrolls of identify
 y - 3 scrolls of silence
 B - 13 scrolls of teleportation
 E - 8 scrolls of poison
 J - 3 scrolls of summoning
 T - 4 scrolls of torment
 V - a scroll of blinking
Potions
 f - 5 potions of attraction
 g - 3 potions of magic
 h - 8 potions of degeneration
 l - 2 potions of haste
 n - 4 potions of lignification
 o - 10 potions of might
 p - 2 potions of resistance
 r - 4 potions of mutation
 w - 5 potions of enlightenment
 C - 11 potions of brilliance
 D - 14 potions of curing
 F - 6 potions of ambrosia
 K - 6 potions of heal wounds
 U - 2 potions of cancellation
Miscellaneous
 G - a lightning rod (4/4)
 W - a condenser vane


   Skills:
 + Level 19.8 Fighting
 O Level 27 Dodging
 - Level 21.0 Stealth
 + Level 22.1 Unarmed Combat
 - Level 6.3 Spellcasting
 + Level 25.0 Hexes
 - Level 1.0 Summonings
 - Level 3.0 Necromancy
 - Level 2.0 Ice Magic
 - Level 1.3 Evocations
 * Level 13.1 Shapeshifting


You couldn't memorise any spells.
You knew the following spells:

 Your Spells              Type           Power      Damage    Failure   Level
a - Slow                  Hex            100%       N/A       0%          1
b - Confusing Touch       Hex            93%        N/A       0%          3
c - Summon Small Mammal   Summ           48%        N/A       4%          1
d - Ensorcelled Hibernat  Hex/Ice        100%       N/A       1%          2
e - Anguish               Hex/Necr       33%        N/A       1%          4
f - Cause Fear            Hex            46%        N/A       0%          4
g - Tukima's Dance        Hex            93%        N/A       0%          3
h - Enfeeble              Hex            46%        N/A       1%          7
i - Passwall              Tmut/Erth      5%         N/A       11%         2
j - Silence               Hex/Air        31%        N/A       1%          5
k - Freeze                Ice            68%        1d8       3%          1
l - Apportation           Tloc           14%        N/A       7%          1

Your spell library contained the following spells:

 Spells                   Type           Power      Damage    Failure   Level
 Necrotise                Necr           88%        1d8       1%          1
 Inner Flame              Hex/Fire       82%        N/A       1%          3
 Summon Guardian Golem    Hex/Summ       64%        N/A       1%          3
 Leda's Liquefaction      Hex/Erth       31%        N/A       1%          4
 Metabolic Englaciation   Hex/Ice        33%        N/A       1%          5
 Yara's Violent Unravell  Hex/Tmut       31%        3d13      1%          5
 Sublimation of Blood     Necr           22%        N/A       3%          2
 Vampiric Draining        Necr           22%        2d7       6%          3
 Foxfire                  Conj/Fire      44%        2x1d6     7%          1
 Magic Dart               Conj           28%        1d4       7%          1
 Call Imp                 Summ           24%        N/A       7%          2
 Cigotuvi's Dreadful Rot  Necr/Pois/Air  24%        N/A       7%          2
 Frozen Ramparts          Ice            34%        1d6       10%         3
 Scorch                   Fire           22%        2d5       11%         2
 Static Discharge         Conj/Air       14%        2-3/arc   11%         2
 Wereblood                Tmut           7%         N/A       11%         2
 Call Canine Familiar     Summ           12%        N/A       14%         3
 Hailstorm                Conj/Ice       12%        3d5       14%         3
 Dispel Undead            Necr           22%        3d12      21%         4
 Gell's Gravitas          Tloc           7%         N/A       22%         3
 Ignite Poison            Fire/Tmut/Pois 11%        N/A       22%         3
 Mephitic Cloud           Conj/Pois/Air  7%         N/A       22%         3
 Stone Arrow              Conj/Erth      14%        3d7       22%         3
 Teleport Other           Tloc           7%         N/A       22%         3
 Volatile Blastmotes      Fire/Tloc      22%        2d11      22%         3
 Summon Ice Beast         Ice/Summ       15%        N/A       36%         4
 Summon Lightning Spire   Summ/Air       10%        N/A       50%         4
 Airstrike                Air            3%         2d(1-17)  56%         4
 Flame Wave               Conj/Fire      11%        2d6       56%         4
 Iskenderun's Mystic Bla  Conj/Tloc      7%         2d4       56%         4
 Passage of Golubria      Tloc           7%         N/A       56%         4
 Petrify                  Tmut/Erth      7%         N/A       56%         4
 Sticky Flame             Conj/Fire      11%        2d3       56%         4
 Alistair's Intoxication  Tmut/Pois      4%         N/A       89%         5
 Fireball                 Conj/Fire      5%         3d5       89%         5
 Irradiate                Conj/Tmut      3%         3d12      89%         5
 Iskenderun's Battlesphe  Conj           7%         2d6       89%         5
 Lee's Rapid Deconstruct  Erth           3%         3d5*      89%         5
 Death Channel            Necr           11%        N/A       97%         6
 Conjure Ball Lightning   Conj/Air       3%         3x3d6     100%        6
 Dispersal                Tloc           3%         N/A       100%        6
 Leda's Unmaking          Conj/Erth      3%         9d1       100%        6
 Plasma Beam              Fire/Air       5%         2x1d16    100%        6
 Summon Cactus Giant      Summ           6%         N/A       100%        6
 Orb of Destruction       Conj           3%         9d5       100%        7
 Spellforged Servitor     Conj/Summ      5%         N/A       100%        7
 Summon Hydra             Summ           6%         N/A       100%        7
 Lehudib's Crystal Spear  Conj/Erth      3%         10d3      100%        8
 Dragon's Call            Summ           6%         N/A       100%        9
 Polar Vortex             Ice            8%         12d1*     100%        9
 Portal Projectile        Hex/Tloc       Unusable   N/A       N/A         3
 Animate Armour           Summ/Erth      Unusable   N/A       N/A         4
 Simulacrum               Ice/Necr       Unusable   N/A       N/A         6

Dungeon Overview and Level Annotations

Branches:
Dungeon (15/15)            Temple (1/1) D:4            Lair (5/5) D:9
  Swamp (4/4) Lair:3       Spider (4/4) Lair:3        Slime (0/5) Lair:4
    Orc (2/2) D:11            Elf (3/3) Orc:2        Vaults (5/5) D:13
  Crypt (0/3) Vaults:2     Depths (4/4) D:15            Zot (5/5) Depths:4
Desolation (visited)

Altars:
Ashenzari
Cheibriados
Dithmenos
Elyvilon
Fedhas
Gozag
Hepliaklqana
Kikubaaqudgha
Makhleb
Nemelex Xobeh
Okawaru
Qazlal
Ru
Sif Muna
Trog
Uskayaw
Vehumet
Wu Jian
Xom
Yredelemnul
Zin
The Shining One

Shops:
D:7 [?(   D:10 (   D:12 (?   D:14 (   D:15 :   Orc:2 [(:*   Vaults:2 [
Vaults:3 (   Depths:1 *

Portals:
Hell: Depths:1 Depths:2 Depths:4
Abyss: Depths:3
Pandemonium: Depths:2
Ziggurat: Depths:4

Annotations:
D:6 1 runed translucent door, Crazy Yiuf
D:12 Gastronok
Lair:5 1 runed translucent door
Orc:2 3 runed translucent doors, HoaS's ghost, journeyman TrGl
Elf:2 3 runed translucent doors
Vaults:3 3 runed translucent doors, Kamets Paeg's ghost, master HuCj; KimchiStew's ghost, adept DsMo; Nizokhlo's ghost, veteran DrCj
Depths:1 Sojobo
Depths:3 2 transporters, Deun's ghost, veteran MfIE
Zot:2 3 runed translucent doors, Flapstick's ghost, legendary HaBe
Zot:3 4 transporters
Zot:4 3 runed translucent doors, Juzit's ghost, legendary GnFi


Innate Abilities, Weirdness & Mutations

You have blades for front paws.
Your spellcasting is less reliable in this form.
You have sharp claws.
You have razor-sharp teeth.
You have supernaturally acute eyesight. (SInv)
You cover ground quickly. (Speed+)
Your thick and shaggy fur keeps you warm. (AC +3, rC+)
((Your paws help you pounce on unaware monsters.))
You are incapable of wielding weapons or throwing items.
You cannot wear armour.
You gain extra lives every three experience levels.
You possess an exceptional clarity of mind.
You are weak. (Str -2)


Message History

You slash the Orb Guardian!
The Orb Guardian is moderately wounded.
The Orb Guardian completely misses you.
You hit the Orb Guardian.
The Orb Guardian is moderately wounded.
The Orb Guardian completely misses you.
You closely miss the Orb Guardian. You slash the Orb Guardian!
You bite the Orb Guardian, but do no damage.
The Orb Guardian is heavily wounded.
The Orb Guardian completely misses you.
You slash the Orb Guardian! Your bite misses the Orb Guardian.
The Orb Guardian is heavily wounded.
The Orb Guardian hits you!!
* * * LOW HITPOINT WARNING * * *
You slice the Orb Guardian!!
The Orb Guardian is almost dead.
The Orb Guardian completely misses you.
You barely miss the Orb Guardian.
You bite the Orb Guardian, but do no damage.
The Orb Guardian is almost dead.
The Orb Guardian barely misses you.
You slash the Orb Guardian!
You bite the Orb Guardian, but do no damage.
The Orb Guardian is almost dead.
You hit the Orb Guardian. Your slash misses the Orb Guardian.
The Orb Guardian is almost dead.
The Orb Guardian misses you.
You hit the Orb Guardian but do no damage.
Your slash misses the Orb Guardian.
The Orb Guardian is almost dead.
The Orb Guardian misses you.
A sun demon comes into view.
You closely miss the Orb Guardian.
The Orb Guardian is almost dead.
The Orb Guardian completely misses you.
Unknown command.
You slash the Orb Guardian!
You kill the Orb Guardian!
There is a staircase leading out of the dungeon here.
You have escaped!

#.###.##.##)#####.####.#
...................# #.# ####
#.##.......>#####..# #.# #...
#.##...######## #..# #.#######.##
#.##..........###..# #.##........
#.##...#####.......######...##.##
#.##.........'#≈≈≈##.......†.....
.......#####.#.$...#......#.##..#
#.#.#### #.≈..@..≈......#.##..#
#.#.# #.≈..⌠..≈......#.##..#
#.#.# #.#.....#......#.##...
#.#.# ####≈≈≈###≈≈≈###.##.##
#.#.# #....3.#.....#..#...# #.#.#
#...(..≈..⌠..≈....#..
#.#.#########......≈.....≈.##...#
#.........).#......#.....#.##.#.#
....#######..[.....##≈≈≈#+....#..


You could see a sun demon.

Vanquished Creatures
  2 orbs of fire
  A juggernaut (Depths:3)
  A Killer Klown (Zot:1)
  Bai Suzhen (Vaults:5)
  Frederick (Depths:3)
  A curse toe (Zot:2)
  2 caustic shrikes
  5 golden dragons
  Jory (Vaults:5)
  2 liches
  4 tentacled monstrosities
  A walking crystal tome (Depths:3)
  A walking earthen tome (Depths:4)
  Mlioglotl (Lair:3)
  Asterion (Spider:1)
  8 Orb Guardians
  3 titans (Vaults:5)
  2 quicksilver dragons
  4 death cobs
  An ancient champion (Depths:4)
  3 sphinxes
  7 storm dragons
  10 shadow dragons
  3 tengu reavers
  2 draconian monks
  Aizul (Swamp:4)
  Kirke (D:13)
  A fenstrider witch (Swamp:3)
  6 fire giants
  An iron dragon (Depths:3)
  3 deep elf sorcerers
  A fire giant (shapeshifter) (Vaults:5)
  A draconian knight (Depths:4)
  3 frost giants
  3 emperor scorpions
  7 vault wardens
  5 imperial myrmidons (Desolation)
  2 draconian shifters
  5 ghost moths
  2 draconian scorchers
  3 orc warlords
  A draconian stormcaller (Zot:2)
  A ghoul (Vaults:2)
  A war gargoyle (Vaults:5)
  A draconian annihilator (Zot:4)
  14 stone giants
  2 broodmothers
  12 ironbound preservers
  10 very ugly things
  6 formless jellyfish
  3 vampire knights
  10 ironbound thunderhulks
  6 green draconians
  4 black draconians
  Nessos (Lair:4)
  4 deep elf demonologists
  A lorocyproca (Depths:2)
  4 eleionomae
  4 dire elephants
  17 spark wasps
  A yellow draconian (Zot:3)
  3 deep elf annihilators
  3 red draconians (Zot:1)
  8 purple draconians
  2 bunyips
  4 white draconians
  The ghost of Shym the Basher, a journeyman AtWr of Okawaru (Lair:3)
  7 deep elf death magi
  2 shambling mangroves (Swamp:4)
  Josephine (D:13)
  22 yaktaur captains
  12 fire dragons
  4 ragged hierophants (Desolation)
  8 ettins
  A blizzard demon (Depths:4)
  6 deep elf high priests (Elf:3)
  5 entropy weavers
  The ghost of Kigoaf the Tainter, a journeyman OpVM of Gozag (Lair:2)
  15 vault guards
  3 rakshasas
  15 hydras
  3 great orbs of eyes
  7 peacekeepers
  5 servants of whispers (Desolation)
  8 ice dragons
  4 jorogumos
  5 radroaches
  2 ogre magi
  A hell beast (Depths:4)
  5 centaur warriors
  8 ironbound frosthearts
  7 boulder beetles
  3 spriggan air magi
  A catoblepas (D:13)
  6 deep troll shamans
  9 deep troll earth magi
  4 two-headed ogres
  8 tengu warriors
  2 vampire magi
  8 death scarabs (Spider:4)
  4 orc high priests
  A satyr (shapeshifter) (D:15)
  7 demonic crawlers
  4 death yaks (Lair:3)
  3 spriggan berserkers
  A hell hog (Depths:4)
  4 alligators
  A spectral emperor scorpion (Spider:4)
  8 hell knights
  A sun demon (Zot:5)
  9 deep elf knights
  A skyshark (Lair:2)
  7 pharaoh ants
  A soul eater (Depths:3)
  3 skeletal warriors (Depths:4)
  12 iron trolls
  2 sun moths
  A fire crab (Lair:3)
  5 glowing orange brains
  A death drake (Swamp:3)
  39 deep trolls
  3 spriggan druids
  2 flayed ghosts
  12 orb spiders
  6 goliath frogs
  3 phantasmal warriors
  7 swamp dragons
  7 deep elf archers
  4 bog bodies
  24 ironbound convokers
  8 lindwurms
  2 spectral wolf spiders (Spider:4)
  6 wizards
  4 steelbarb worms
  8 orc knights
  6 necromancers
  25 deep elf zephyrmancers
  20 deep elf pyromancers
  5 harpies (Vaults:1)
  A cyclops (shapeshifter) (Depths:2)
  21 wolf spiders
  A wolf spider zombie (Spider:4)
  5 orc sorcerers
  A manticore (D:11)
  5 cyclopes
  34 ugly things
  22 moths of wrath
  3 will-o-the-wisps
  A salamander (Depths:3)
  Maurice (D:12)
  4 elephants
  A smoke demon (Depths:3)
  A rust devil (Depths:2)
  9 torpor snails
  13 vault sentinels
  A molten gargoyle (Desolation)
  6 cane toads
  2 yaktaur zombies (Vaults:4)
  6 black mambas
  41 yaktaurs
  3 rime drakes
  2 unseen horrors (D:12)
  2 gargoyles (D:12)
  3 spectral redbacks (Spider:4)
  A freezing wraith (Vaults:4)
  8 komodo dragons
  2 tengu conjurers
  10 tyrant leeches
  9 trolls
  A polar bear (Lair:5)
  A queen bee (Lair:3)
  A troll (shapeshifter) (D:14)
  9 meliai
  A queen bee (shapeshifter) (D:15)
  A polar bear (shapeshifter) (Elf:2)
  40 tarantellas
  22 hornets
  Prince Ribbit (D:8)
  2 spectral tarantellas (Spider:4)
  36 saltlings (Desolation)
  2 spectral jumping spiders (Spider:4)
  A hornet (shapeshifter) (Elf:3)
  14 dancing weapons
  12 blink frogs
  2 dream sheep (Lair:3)
  3 jumping spider zombies (Spider:4)
  2 ettin zombies (Vaults:2)
  26 jumping spiders
  17 slime creatures
  13 spriggans
  A ynoxinul (Depths:2)
  4 wraiths
  3 wyverns
  A vampire (D:11)
  18 culicivoras
  4 water elementals
  16 humans (D:13)
  9 basilisks
  5 steam dragons
  3 golden eyes (D:14)
  A chaos spawn (Zot:5)
  61 redbacks
  3 fire elementals
  3 hogs (D:13)
  2 neqoxecs (Depths:2)
  77 yaks
  13 vampire mosquitoes
  10 swamp worms
  3 wargs
  3 human zombies
  4 acid dragons
  2 hell hounds (D:4)
  10 water moccasins
  A floating eye (Depths:2)
  4 black bears
  28 orc warriors
  6 swamp drakes
  A sky beast (D:7)
  2 ice beasts
  9 ogres
  8 boggarts
  25 wolves
  9 centaurs
  A phantom (D:5)
  A kobold brigand (D:8)
  Blork the orc (D:6)
  14 bullfrogs
  2 scorpions
  2 earth elementals
  2 gnoll sergeants
  7 wights
  28 killer bees
  3 vampire bats (D:9)
  3 howler monkeys
  4 hounds
  12 orc priests
  3 gnoll boudas
  4 jellies
  11 iguanas
  A sleepcap (D:7)
  22 orc wizards
  3 yak simulacra (D:10)
  2 polar bear simulacra (D:10)
  A wolf simulacrum (D:10)
  27 gnolls
  7 adders
  A shadow imp (D:5)
  2 white imps (D:7)
  2 ufetubi (D:5)
  2 worms (D:2)
  2 dart slugs
  54 orcs
  7 ball pythons
  2 bats (D:1)
  3 bat skeletons (D:9)
  2 bat zombies (D:9)
  7 endoplasms
  7 giant cockroaches
  7 goblins
  3 hobgoblins
  11 jackals
  3 quokkas
  2 frilled lizards
  5 kobolds
  7 rats
  5 river rat simulacra (D:10)
1772 creatures vanquished.

Vanquished Creatures (collateral kills)
  A dread lich (Zot:5)
  An orb of fire (Zot:5)
  An ancient lich (Vaults:5)
  A curse toe (Zot:1)
  Nikola (Spider:2)
  3 golden dragons
  3 tentacled monstrosities
  4 Orb Guardians (Zot:5)
  2 quicksilver dragons
  A deep elf blademaster (Elf:3)
  A death cob (Zot:1)
  A shadow dragon (Vaults:5)
  2 storm dragons
  A tengu reaver (Vaults:5)
  A draconian knight (Zot:5)
  A draconian monk (Zot:1)
  A frost giant (Vaults:5)
  2 draconian scorchers
  4 vault wardens (Vaults:5)
  A draconian stormcaller (Zot:1)
  A draconian shifter (Zot:5)
  3 ironbound preservers (Vaults:5)
  2 draconian annihilators (Zot:4)
  A war gargoyle (Vaults:5)
  A very ugly thing (Vaults:5)
  An ironbound thunderhulk (Vaults:5)
  A black draconian (Zot:1)
  3 green draconians (Zot:3)
  2 red draconians
  A lorocyproca (Zot:5)
  2 yellow draconians
  4 white draconians
  3 purple draconians (Zot:4)
  3 yaktaur captains
  2 deep elf high priests (Vaults:5)
  2 ettins (Vaults:5)
  13 vault guards (Vaults:5)
  A fire crab (shapeshifter) (Vaults:5)
  A spriggan druid (Swamp:1)
  A goliath frog (Swamp:1)
  A swamp dragon (Swamp:1)
  A phantasmal warrior (Vaults:5)
  4 ironbound convokers
  An orc knight (Vaults:5)
  A torpor snail (shapeshifter) (Vaults:5)
  4 moths of wrath
  9 vault sentinels
  2 freezing wraiths (Vaults:5)
  12 yaktaurs
  A troll (Vaults:5)
  A hornet (Swamp:3)
  A tyrant leech (Swamp:1)
  2 culicivoras (Spider:2)
  A swamp worm (Swamp:1)
  2 boggarts (shapeshifter) (Vaults:5)
  An orc (Vaults:5)
125 creatures vanquished.

Vanquished Creatures (others)
  3 ancient liches
  An orb of fire (Zot:5)
  A dread lich (Zot:5)
  2 juggernauts (Zot:1)
  5 Killer Klowns
  A curse toe (Zot:5)
  A golden dragon (Zot:3)
  An electric golem (Zot:5)
  3 tentacled monstrosities
  12 Orb Guardians (Zot:5)
  A quicksilver dragon (Zot:1)
  3 titans (Vaults:5)
  A death cob (Zot:4)
  A shadow dragon (Vaults:5)
  A draconian monk (Zot:4)
  A storm dragon (Vaults:5)
  A deep elf sorcerer (Vaults:5)
  3 draconian knights
  A vault warden (Vaults:5)
  2 frost giants (Vaults:5)
  2 fire giants (Vaults:5)
  A balrug (Zot:5)
  4 draconian shifters
  2 draconian stormcallers
  A draconian annihilator (Zot:4)
  An ironbound preserver (Vaults:5)
  A stone giant (Vaults:5)
  A green draconian (Zot:1)
  7 black draconians
  4 yellow draconians
  5 red draconians
  4 white draconians
  5 purple draconians
  A deep elf high priest (Vaults:5)
  2 yaktaur captains (Vaults:5)
  A bog body (Swamp:1)
  An ironbound convoker (Vaults:5)
  A phantasmal warrior (Vaults:5)
  An orc knight (Vaults:5)
  3 moths of wrath
  2 vault sentinels (Vaults:5)
  A bloated husk (Swamp:3)
  22 dancing weapons
  A water elemental (Elf:3)
  A human (D:13)
  2 orc warriors
  A swamp drake (Swamp:4)
  A bullfrog (Lair:1)
  An orc priest (D:11)
  An iguana (Lair:5)
  An orc wizard (Orc:1)
  An orc (Orc:1)
  15 foxfires
  A spectral weapon (Zot:5)
144 creatures vanquished.

Grand Total: 2041 creatures vanquished

Notes
Turn   | Place    | Note
-------+----------+-------------------------------------------
     0 | D:5      | Voda the Felid Delver began the quest for the Orb.
     0 | D:5      | Reached XP level 1. HP: 10/10 MP: 2/2
    20 | D:4      | Noticed an iguana
   327 | D:2      | Reached XP level 2. HP: 14/14 MP: 3/3
   742 | D:1      | Found a faded altar of an unknown god.
   765 | D:1      | Reached XP level 3. HP: 17/17 MP: 4/4
  1929 | D:1      | Reached XP level 4. HP: 21/21 MP: 5/5
  2206 | D:2      | Reached skill level 1 in Shapeshifting
  2460 | D:3      | Noticed a centaur
  2647 | D:5      | Noticed a phantom
  2739 | D:4      | Reached skill level 3 in Dodging
  2739 | D:4      | Reached skill level 1 in Evocations
  2739 | D:4      | Reached XP level 5. HP: 17/24 MP: 6/6
  2975 | D:4      | Found a staircase to the Ecumenical Temple.
  2980 | Temple   | Entered the Ecumenical Temple
  3069 | Temple   | Became a worshipper of Gozag Ym Sagoz the Greedy
  3294 | D:4      | Learned a level 1 spell: Slow
  3298 | D:4      | Learned a level 3 spell: Confusing Touch
  3507 | D:4      | HP: 1/24 [poisoned by a scorpion]
  3507 | D:4      | Slain by a scorpion
  3508 | D:4      | Reached XP level 4. HP: -1/21 MP: 5/5
  3908 | D:5      | Killed a phantom
  3909 | D:5      | Reached skill level 1 in Hexes
  3909 | D:5      | Reached XP level 5. HP: 18/24 MP: 6/6
  4658 | D:6      | Noticed an orc warrior
  4690 | D:6      | Noticed Blork the orc
  4765 | D:5      | Reached skill level 1 in Spellcasting
  4765 | D:5      | Gained mutation: You are covered in thick fur. (AC +2)
                  | [Felid growth]
  4765 | D:5      | Reached XP level 6. HP: 28/28 MP: 3/8
  5331 | D:5      | Reached skill level 5 in Hexes
  5352 | D:5      | Reached XP level 7. HP: 24/31 MP: 7/11
  5932 | D:3      | Found an ornate altar of the Wu Jian Council.
  7039 | D:6      | Reached XP level 8. HP: 36/36 MP: 8/12
  7130 | D:6      | Learned a level 1 spell: Summon Small Mammal
  7452 | D:6      | Reached skill level 1 in Summonings
  7795 | D:7      | Found Tipt's Magic Scroll Boutique.
  7803 | D:7      | Bought a scroll of identify for 26 gold pieces
  7803 | D:7      | Bought a scroll of teleportation for 39 gold pieces
  7829 | D:7      | Identified the ring "Nexeto" {Fire rCorr Int+4 Slay+2}
  7850 | D:7      | Found Iskut's Weapon Shop.
  8384 | D:7      | Reached skill level 5 in Unarmed Combat
  8506 | D:7      | Reached skill level 4 in Dodging
  8506 | D:7      | Reached skill level 10 in Stealth
  8567 | D:7      | Found Moesor's Antique Armour Shop.
  8588 | D:7      | Reached skill level 5 in Fighting
  8890 | D:6      | Found a runed translucent door.
  8891 | D:6      | Noticed Crazy Yiuf
  8953 | D:6      | Killed Blork the orc
  9074 | D:6      | Reached XP level 9. HP: 37/40 MP: 14/14
  9622 | D:8      | Mangled by a wight
  9623 | D:8      | Reached XP level 8. HP: -6/36 MP: 12/13
 10109 | D:8      | Noticed Prince Ribbit
 10354 | D:8      | Killed Prince Ribbit
 10600 | D:8      | Reached XP level 9. HP: 41/41 MP: 14/14
 11010 | D:8      | Reached skill level 5 in Dodging
 11976 | D:9      | Reached skill level 5 in Shapeshifting
 12009 | D:9      | Reached XP level 10. HP: 33/46 MP: 11/15
 12322 | D:9      | Found an ancient bone altar of Kikubaaqudgha.
 12442 | D:9      | Found a staircase to the Lair.
 12443 | D:9      | Noticed an elephant
 12457 | D:9      | Reached skill level 6 in Dodging
 12501 | D:9      | Killed an elephant
 12985 | D:10     | Entered Level 10 of the Dungeon
 13044 | Lair:1   | Entered Level 1 of the Lair of Beasts
 13412 | Lair:1   | Reached skill level 7 in Dodging
 13805 | Lair:1   | Reached XP level 11. HP: 50/50 MP: 16/16
 14705 | Lair:1   | Slain by a blink frog
 14706 | Lair:1   | Reached XP level 10. HP: -4/72 MP: 15/15
 14833 | Lair:2   | Noticed a skyshark
 14859 | Lair:2   | Reached skill level 8 in Dodging
 14861 | Lair:2   | Killed a skyshark
 15273 | Lair:2   | Learned a level 2 spell: Ensorcelled Hibernation
 15527 | Lair:2   | Found a runed translucent gate.
 15528 | Lair:2   | Found a runed translucent gate.
 15529 | Lair:2   | Found a runed translucent gate.
 15543 | Lair:2   | Noticed Kigoaf's ghost (journeyman OpVM)
 15697 | Lair:2   | Reached XP level 11. HP: 41/51 MP: 14/16
 15841 | Lair:2   | Learned a level 4 spell: Anguish
 16316 | Lair:3   | Reached skill level 10 in Hexes
 16532 | Lair:3   | Reached skill level 9 in Dodging
 17095 | Lair:3   | Noticed a four-headed hydra
 17116 | Lair:3   | Found a transporter.
 17339 | Lair:3   | Noticed a death yak
 17353 | Lair:3   | Noticed a death yak
 17438 | Lair:3   | Killed a death yak
 17483 | Lair:3   | Found a transporter.
 17487 | Lair:3   | Noticed Shym's ghost (journeyman AtWr)
 17537 | Lair:3   | Noticed a death yak
 17542 | Lair:3   | Noticed a death yak
 17623 | Lair:3   | Killed a death yak
 17963 | Lair:3   | Killed a death yak
 17964 | Lair:3   | Reached skill level 10 in Dodging
 17964 | Lair:3   | Reached skill level 10 in Unarmed Combat
 18206 | Lair:3   | Killed a death yak
 18207 | Lair:3   | Gained mutation: Your thick and shaggy fur keeps you warm.
                  | (AC +3, rC+) [Felid growth]
 18207 | Lair:3   | Reached XP level 12. HP: 57/57 MP: 15/17
 18567 | Lair:4   | Found a staircase to the Slime Pits.
 18594 | Lair:4   | Noticed a boulder beetle
 18602 | Lair:4   | Killed a boulder beetle
 18960 | Lair:4   | Noticed Nessos
 18970 | Lair:4   | Killed Nessos
 19169 | Lair:4   | Reached skill level 11 in Dodging
 19502 | Lair:5   | Entered Level 5 of the Lair of Beasts
 19772 | Lair:5   | Reached skill level 1 in Ice Magic
 19992 | Lair:5   | Reached XP level 13. HP: 58/61 MP: 13/18
 20096 | Lair:5   | Identified a scroll of acquirement
 20098 | Lair:5   | Acquired the amulet "Ycif" {Reflect rC+ Int+2 SH+5}
 20345 | Lair:5   | Found a runed translucent door.
 20346 | Lair:5   | Noticed a fire dragon
 20514 | Lair:5   | Reached skill level 10 in Fighting
 20767 | Lair:5   | Paralysed by a hornet for 1 turns
 22180 | D:10     | Found Vyirph's Antique Weapon Boutique.
 22216 | D:10     | Found a hide-covered altar of Uskayaw.
 22218 | D:10     | Found a bloodstained altar of Trog.
 22220 | D:10     | Found a glowing golden altar of the Shining One.
 22220 | D:10     | Found a glowing silver altar of Zin.
 22701 | D:11     | Found a staircase to the Orcish Mines.
 22983 | D:11     | Reached skill level 1 in Necromancy
 23005 | D:11     | Reached skill level 12 in Dodging
 23297 | D:11     | Identified the ring "Ezxev" {rElec rN+}
 23666 | D:12     | Noticed Maurice
 23678 | D:12     | Killed Maurice
 23889 | D:12     | Found Xifil's Antique Weapon Shop.
 23892 | D:12     | Noticed Gastronok
 24140 | D:12     | Found Koahed's Magic Scroll Boutique.
 24547 | D:13     | Noticed Kirke
 24690 | D:13     | Killed Kirke
 24940 | D:13     | Reached XP level 14. HP: 66/66 MP: 18/21
 24945 | D:13     | Reached skill level 10 in Shapeshifting
 25093 | D:13     | Found a gate to the Vaults.
 25574 | Orc:1    | Entered Level 1 of the Orcish Mines
 26152 | D:13     | Noticed Josephine
 26169 | D:13     | Killed Josephine
 26590 | D:14     | Reached skill level 5 in Spellcasting
 26621 | D:14     | Reached skill level 13 in Dodging
 27157 | D:14     | Found Byam Reg's Antique Weapon Shoppe.
 27831 | D:15     | Entered Level 15 of the Dungeon
 27883 | D:15     | Found Pememme's Book Boutique.
 28994 | Lair:3   | Found a staircase to the Swamp.
 29487 | Lair:3   | Learned a level 4 spell: Cause Fear
 29591 | Lair:3   | Found a hole to the Spider Nest.
 29853 | Spider:1 | Entered Level 1 of the Spider Nest
 29853 | Spider:1 | Noticed Mlioglotl
 29914 | Swamp:1  | Entered Level 1 of the Swamp
 30019 | Swamp:1  | Reached skill level 14 in Dodging
 30710 | Swamp:1  | Slain by a spriggan rider
 30711 | Swamp:1  | Reached XP level 13. HP: -3/63 MP: 22/22
 31113 | Swamp:1  | Killed a bunyip
 31114 | Swamp:1  | Reached XP level 14. HP: 67/67 MP: 20/23
 32360 | Lair:3   | Noticed a tentacled monstrosity
 32361 | Lair:3   | Killed Mlioglotl
 33943 | Lair:3   | Reached skill level 15 in Dodging
 34154 | Lair:3   | Reached skill level 15 in Stealth
 35505 | Spider:1 | Noticed Asterion
 35514 | Spider:1 | Killed Asterion
 35518 | Spider:1 | Reached skill level 15 in Hexes
 35972 | Spider:2 | Reached XP level 15. HP: 56/73 MP: 18/24
 36270 | Spider:2 | Noticed Nikola
 36294 | Spider:2 | Killed Nikola
 36295 | Spider:2 | Reached skill level 16 in Dodging
 36361 | Spider:2 | Acquired the ring of Ogucid {rC+ Will+ Dex+2 Stlth+}
 38488 | Spider:3 | Reached skill level 17 in Dodging
 39142 | Spider:3 | Got the Monograph on the Winter and Anthracomancy
 39754 | Spider:3 | Noticed an emperor scorpion
 39760 | Spider:3 | Killed an emperor scorpion
 40342 | Spider:4 | Entered Level 4 of the Spider Nest
 40794 | Spider:4 | Reached skill level 18 in Dodging
 40816 | Spider:4 | Reached XP level 16. HP: 77/78 MP: 18/25
 44877 | Swamp:3  | Reached skill level 19 in Dodging
 45323 | Swamp:4  | Entered Level 4 of the Swamp
 47158 | Swamp:4  | Noticed Aizul
 47202 | Swamp:4  | Killed Aizul
 47312 | Swamp:4  | Reached skill level 20 in Dodging
 48454 | Orc:2    | Entered Level 2 of the Orcish Mines
 48454 | Orc:2    | Found a staircase to the Elven Halls.
 48472 | Orc:2    | Found Etzymp's Antique Armour Shoppe.
 48496 | Orc:1    | Reached XP level 17. HP: 66/83 MP: 22/26
 49282 | D:15     | Found a staircase to the Depths.
 49668 | Depths:1 | Entered Level 1 of the Depths
 49968 | Depths:1 | Upgraded the game from 0.31-a0-523-g071a6c1ffa to
                  | 0.31-a0-532-g28f74ba3e5
 50185 | Depths:1 | Bought a scroll of fear for 48 gold pieces
 50185 | Depths:1 | Bought a scroll of teleportation for 36 gold pieces
 50211 | Depths:1 | Identified the +1 robe of the Old and Reckless {*Slow rPois
                  | SInv}
 50327 | Depths:1 | Noticed Sojobo
 51803 | Swamp:4  | Got a decaying rune of Zot
 52924 | Vaults:1 | Entered Level 1 of the Vaults
 53408 | Vaults:1 | Reached skill level 15 in Unarmed Combat
 53419 | Vaults:1 | Paralysed by a formless jellyfish for 1 turns
 53818 | Vaults:1 | Reached skill level 21 in Dodging
 54977 | D:15     | Bought a book of Weapons for 260 gold pieces
 54981 | D:15     | Learned a level 3 spell: Tukima's Dance
 56385 | Vaults:1 | Paralysed by a formless jellyfish for 1 turns
 58831 | Vaults:2 | Identified the +0 arbalest "Xuulif" {drain, Fragile rN++
                  | Str+5}
 59097 | Vaults:2 | Found a staircase to the Crypt.
 59254 | Vaults:2 | Found Odwawato's Armour Shop.
 59294 | Vaults:2 | Reached skill level 15 in Fighting
 59468 | Vaults:2 | Reached XP level 18. HP: 89/89 MP: 27/27
 60037 | Vaults:1 | Reached skill level 22 in Dodging
 60223 | Vaults:2 | Identified the +1 pair of boots of Cuciet {Will+}
 62376 | Vaults:3 | Found Xedghoz's Antique Weapon Shoppe.
 63148 | Vaults:3 | Identified the +1 scimitar of Motiyq Wuck {freeze, Int+2}
 64297 | Vaults:3 | Found a runed translucent gate.
 64297 | Vaults:3 | Found a runed translucent gate.
 64297 | Vaults:3 | Found a runed translucent gate.
 64298 | Vaults:3 | Noticed KimchiStew's ghost (adept DsMo)
 64298 | Vaults:3 | Noticed Kamets Paeg's ghost (master HuCj)
 64448 | Vaults:3 | Noticed Nizokhlo's ghost (veteran DrCj)
 64760 | Vaults:3 | Reached skill level 23 in Dodging
 66435 | Vaults:3 | Reached XP level 19. HP: 89/94 MP: 9/28
 68189 | Vaults:4 | Paralysed by a formless jellyfish for 1 turns
 70486 | Spider:4 | Got a gossamer rune of Zot
 70798 | Lair:3   | Killed Shym's ghost
 71310 | Lair:2   | Killed Kigoaf's ghost
 71706 | Depths:1 | Learned a level 7 spell: Enfeeble
 71736 | Depths:1 | Found an opulent altar of Gozag.
 71930 | Depths:1 | Found a gateway to Hell.
 72241 | Depths:2 | Reached skill level 24 in Dodging
 73865 | Depths:2 | Found a one-way gate leading to the halls of Pandemonium.
 74665 | Depths:2 | Reached XP level 20. HP: 99/99 MP: 22/29
 74832 | Depths:2 | Noticed a caustic shrike
 75140 | Depths:2 | Got Amohil's Grimoire of Boreal Grit
 75148 | Depths:2 | Learned a level 2 spell: Passwall
 75819 | Depths:2 | Killed a caustic shrike
 75934 | Depths:3 | Found a one-way gate to the infinite horrors of the Abyss.
 76559 | Depths:3 | Identified the +7 quarterstaff of Ukhe {heavy, Fly Dex+3}
 76563 | Depths:4 | Entered Level 4 of the Depths
 77488 | Depths:4 | Found a one-way gateway to a ziggurat.
 78257 | Depths:4 | Reached skill level 25 in Dodging
 78486 | Depths:3 | Noticed a caustic shrike
 78495 | Depths:3 | Killed a caustic shrike
 78674 | Depths:3 | Found a transporter.
 78679 | Depths:3 | Noticed Deun's ghost (veteran MfIE)
 79059 | Depths:3 | Noticed a juggernaut
 79063 | Depths:3 | Identified the staff of Dithmenos's Envy {rElec rPois
                  | Stlth+ Poison}
 80371 | Depths:4 | Found a gate to the Realm of Zot.
 81120 | Depths:3 | Killed a juggernaut
 82461 | Depths:3 | Noticed Frederick
 83440 | Depths:3 | Found a transporter.
 83443 | Depths:3 | Identified the +5 morningstar of Eternal Vigilance {freeze,
                  | *Rage rCorr Dex+3}
 83992 | Depths:3 | Reached XP level 21. HP: 73/99 MP: 16/30
 85350 | Depths:3 | Killed Frederick
 86679 | Orc:1    | Learned a level 5 spell: Silence
 87114 | Orc:2    | Found Wuumav's Book Shoppe.
 87272 | Orc:2    | Found Buwniatt's General Store.
 87289 | Orc:2    | Found a runed translucent gate.
 87290 | Orc:2    | Found a runed translucent gate.
 87292 | Orc:2    | Found a runed translucent gate.
 87295 | Orc:2    | Noticed HoaS's ghost (journeyman TrGl)
 87346 | Orc:2    | Identified the +3 robe of Unreason {*Corrode rPois rF+++
                  | Will-}
 87538 | Orc:2    | Found Guovuev's Antique Weapon Boutique.
 88004 | Elf:1    | Entered Level 1 of the Elven Halls
 88119 | Elf:1    | Reached skill level 26 in Dodging
 88665 | Elf:1    | Found a crumbling gateway.
 88694 | Elf:1    | Reached XP level 22. HP: 109/109 MP: 32/32
 88701 | Desolati | Entered the Desolation of Salt
 89720 | Desolati | Identified the ring of Afoinuse {+Blink Fly rN++ Int-4
                  | Slay+4}
 89731 | Desolati | Identified the ring "Nuukoc" {rPois rC+ Str-4 Int+6 Stlth+}
 89736 | Desolati | Got the Discourse on the Glacier and Calling
 89770 | Desolati | Identified the amulet of Elyvilon's Pride {Faith Fly rCorr}
 89881 | Desolati | Got Lintusam's Monograph on Discontinuous Fire
 89909 | Desolati | Identified the ring "Cehimiv" {rN+ Int+5 SInv}
 91303 | Elf:2    | Found a runed translucent gate.
 91475 | Elf:2    | Found a runed translucent gate.
 91477 | Elf:2    | Found a runed translucent gate.
 91865 | Elf:3    | Entered Level 3 of the Elven Halls
 92272 | Elf:3    | Found a flickering gateway to a bazaar.
 92281 | Bazaar   | Entered a bazaar
 92287 | Bazaar   | Found Vuoffus's Magic Scroll Boutique.
 92293 | Bazaar   | Bought a scroll of teleportation for 57 gold pieces
 92313 | Bazaar   | Found Puvon's Assorted Antiques.
 92326 | Bazaar   | Found Ofrimi Woff's Distillery.
 92332 | Bazaar   | Bought a potion of curing for 27 gold pieces
 92332 | Bazaar   | Bought a potion of curing for 27 gold pieces
 92332 | Bazaar   | Bought a potion of curing for 27 gold pieces
 92332 | Bazaar   | Bought a potion of might for 36 gold pieces
 92332 | Bazaar   | Bought a potion of brilliance for 36 gold pieces
 92332 | Bazaar   | Bought a potion of might for 36 gold pieces
 92342 | Bazaar   | Found Uzirotz's Weapon Shop.
 92975 | Elf:3    | Identified the +1 great sword of Midnight {vamp, Int+2}
 93233 | Elf:3    | Identified the +6 dagger of Nyemolek {heavy, rC+++ Str-2
                  | SInv Stlth+}
 93235 | Elf:3    | Identified the +0 bardiche "Pealekh" {heavy, rPois rCorr
                  | Int-4}
 93628 | Elf:3    | Identified the +7 long sword "Kuwedaem" {antimagic, rElec
                  | rPois rC- SInv}
 93724 | Elf:3    | Reached XP level 23. HP: 113/113 MP: 18/33
 94528 | Vaults:5 | Entered Level 5 of the Vaults
 94603 | Vaults:5 | Reached skill level 27 in Dodging
 94946 | Vaults:5 | Noticed Jory
 94967 | Vaults:5 | Killed Jory
 95271 | Vaults:5 | Noticed Bai Suzhen
 95281 | Vaults:5 | Killed Bai Suzhen
 95332 | Vaults:5 | Noticed an ancient lich
 95555 | Vaults:5 | Noticed an ancient lich
 95567 | Vaults:5 | Killed an ancient lich
 96221 | Vaults:5 | Killed from afar by an ancient lich
 96222 | Vaults:5 | Reached XP level 22. HP: -11/102 MP: 17/32
 96390 | Vaults:5 | Identified the +1 chain mail of Xyssyt {Str+3}
 96614 | Vaults:5 | Got a silver rune of Zot
 97894 | Zot:1    | Entered Level 1 of the Realm of Zot
 98354 | Zot:1    | Noticed a golden dragon
 98389 | Zot:1    | Noticed a golden dragon
 98395 | Zot:1    | Killed a golden dragon
 98707 | Zot:1    | Killed a curse toe
 98827 | Zot:1    | Noticed a golden dragon
 98840 | Zot:1    | Killed a golden dragon
 98916 | Zot:1    | Killed a golden dragon
 98928 | Zot:1    | Noticed a curse toe
 99088 | Zot:1    | Identified the +4 dagger of Supply {flame, rC++ rN+ Will-
                  | SInv}
 99094 | Zot:1    | Noticed a Killer Klown
 99094 | Zot:1    | Noticed a Killer Klown
 99095 | Zot:1    | Noticed a Killer Klown
 99095 | Zot:1    | Noticed a Killer Klown
 99095 | Zot:1    | Noticed a Killer Klown
 99095 | Zot:1    | Noticed a Killer Klown
 99095 | Zot:1    | Noticed a Killer Klown
 99100 | Zot:1    | a Killer Klown changed into a juggernaut
 99100 | Zot:1    | Noticed a juggernaut
 99100 | Zot:1    | a Killer Klown changed into a juggernaut
 99100 | Zot:1    | Noticed a juggernaut
 99109 | Zot:1    | Killed a Killer Klown
 99119 | Zot:1    | Killed a Killer Klown
 99283 | Zot:1    | Killed a Killer Klown
 99472 | Zot:1    | Killed a juggernaut
 99488 | Zot:1    | Killed a Killer Klown
 99567 | Zot:1    | Upgraded the game from 0.31-a0-532-g28f74ba3e5 to
                  | 0.31-a0-538-gbc85326fa9
 99643 | Zot:1    | Killed a juggernaut
100102 | Zot:2    | Noticed a golden dragon
100122 | Zot:2    | Killed a golden dragon
100707 | Zot:2    | Reached XP level 23. HP: 103/115 MP: 25/33
100960 | Zot:2    | Noticed a curse toe
101498 | Zot:2    | Killed a curse toe
101671 | Zot:2    | Found a runed translucent gate.
101672 | Zot:2    | Found a runed translucent gate.
101673 | Zot:2    | Found a runed translucent gate.
101674 | Zot:2    | Noticed Flapstick's ghost (legendary HaBe)
101862 | Zot:3    | Found a radiant altar of Vehumet.
102500 | Zot:3    | Noticed an orb of fire
102556 | Zot:3    | Found a transporter.
102625 | Zot:3    | Found a transporter.
102626 | Zot:3    | Found a transporter.
102748 | Zot:3    | Found a transporter.
102933 | Zot:3    | Killed an orb of fire
104854 | Zot:4    | Found a runed translucent gate.
104936 | Zot:4    | Found a runed translucent gate.
104936 | Zot:4    | Found a runed translucent gate.
104938 | Zot:4    | Noticed Juzit's ghost (legendary GnFi)
105008 | Zot:5    | Entered Level 5 of the Realm of Zot
105057 | Zot:5    | Noticed an orb of fire
105112 | Zot:5    | Killed an orb of fire
105900 | Zot:5    | Gained mutation: You are clumsy. (Dex -2) [potion of
                  | mutation]
105900 | Zot:5    | Gained mutation: You have hidden genetic defects. [potion
                  | of mutation]
105900 | Zot:5    | Gained mutation: Your system is resistant to poisons.
                  | (rPois) [potion of mutation]
105900 | Zot:5    | Gained mutation: You possess an exceptional clarity of
                  | mind. [potion of mutation]
105901 | Zot:5    | Lost mutation: Your system is resistant to poisons. (rPois)
                  | [potion of mutation]
105901 | Zot:5    | Lost mutation: You have hidden genetic defects. [potion of
                  | mutation]
105901 | Zot:5    | Gained mutation: Your body sometimes deteriorates upon
                  | taking damage. [potion of mutation]
105901 | Zot:5    | Gained mutation: Your spells are a little harder to cast,
                  | but a little more powerful. [potion of mutation]
105902 | Zot:5    | Lost mutation: You are clumsy. (Dex -2) [potion of
                  | mutation]
105902 | Zot:5    | Lost mutation: Your body sometimes deteriorates upon taking
                  | damage. [potion of mutation]
105902 | Zot:5    | Lost mutation: Your spells are a little harder to cast, but
                  | a little more powerful. [potion of mutation]
105902 | Zot:5    | Gained mutation: You are weak. (Str -2) [potion of
                  | mutation]
105902 | Zot:5    | Gained mutation: You do not regenerate when monsters are
                  | visible. [potion of mutation]
105902 | Zot:5    | Lost mutation: You do not regenerate when monsters are
                  | visible. [potion of mutation]
106048 | Zot:5    | Noticed an orb of fire
106055 | Zot:5    | Noticed a curse toe
106085 | Zot:5    | Killed a curse toe
106109 | Zot:5    | Noticed an orb of fire
106127 | Zot:5    | Killed a Killer Klown
106132 | Zot:5    | Noticed a dread lich
106134 | Zot:5    | Killed a dread lich
106156 | Zot:5    | Noticed an ancient lich
106212 | Zot:5    | Killed an ancient lich
106260 | Zot:5    | Noticed an orb of fire
106305 | Zot:5    | Learned a level 1 spell: Freeze
106346 | Zot:5    | Learned a level 1 spell: Apportation
106378 | Zot:5    | Noticed an ancient lich
106489 | Zot:5    | Noticed an orb of fire
106500 | Zot:5    | Got the Orb of Zot
106518 | Zot:5    | HP: 4/117 [Brimstone Fiend/damnation (47)]
106527 | Zot:5    | Killed an orb of fire
106546 | Zot:5    | Killed an orb of fire
106575 | Zot:5    | Killed a dread lich
107003 | D:10     | Noticed Tunnoisol the pandemonium lord
107210 | D:$      | Escaped with the Orb!

Illustrated notes

Levels and vault maps discovered:
D:1:      dpeg_arrival_rooms_with_view, layout_loops_ring,
          ebering_ecumenical_altar_webs
D:2:      kb_forest_paths, layout_basic, nicolae_concentric_dashed_squares_wild,
          bh_walls_and_bars
D:3:      layout_basic, nzn_wu_jian_council_hall
D:4:      layout_cave_pools, minmay_temple_entry_nine_rooms
D:5:      layout_cave_pods, grunt_ministairs_13,
          minmay_fractal_squares_diagonal_5
D:6:      layout_cave_pools, uniq_blork_the_orc, uniq_crazy_yiuf_cottage
D:7:      layout_basic, serial_shops, nicolae_shop_crystal,
          nicolae_shop_rolling_square, nicolae_square_shop, serial_glass,
          glass_columns_c, glass_columns_b, due_unseen_surprise,
          minmay_strange_pillars
D:8:      layout_basic, uniq_prince_ribbit1
D:9:      layout_irregular_city, kennysheep_vampire_church, david_lair_generic,
          minivault_5, nicolae_hexahallways
D:10:     layout_cave_pools, grunt_temple_overflow_open, serial_shops, shop,
          eino_house_with_fridge
D:11:     layout_big_octagon, orc_0_dummy
D:12:     layout_cave_pools, serial_shops, shop, nicolae_shop_stone,
          uniq_maurice, uniq_gastronok
D:13:     layout_basic, david_vaults_3, uniq_kirke, uniq_josephine
D:14:     layout_basic, serial_shops, nicolae_shop_real_fake_doors,
          minmay_misc_feat_columns, water_boxes_lemuel
D:15:     gammafunk_enter_depths_forms, layout_rooms,
          hangedman_abyss_or_decor_stagger, serial_shops, nicolae_square_shop
Temple:   minmay_temple_bridge_d
Lair:1:   layout_cave_pods, lemuel_old_faithful
Lair:2:   layout_long_grid, ebering_ghost_rock_garden
Lair:3:   layout_roguey [special_room_bee], palyth_hydra_swamp_entry,
          nicolae_spider_entry_lesser_pyramids, gammafunk_ghost_arena,
          serial_bayou_shore_b
Lair:4:   layout_regular_city, nicolae_slime_entry_slimehenge, uniq_nessos
Lair:5:   guppyfry_lair_end_dragon, layout_regular_city, wormcave,
          chequers_serial_rivers_micro_a, nicolae_quartered_pool_impasse
Swamp:1:  layout_basic_swamp, nicolae_swamp_treefoil
Swamp:2:  layout_basic_swamp, nicolae_swamp_rocky_clearing
Swamp:3:  layout_falls_marsh, evilmike_swamp_ruin_rubble_1
Swamp:4:  swamp_alternative, layout_basic_swamp, uniq_aizul
Spider:1: cheibrodos_forgotten_conduit, nicolae_spider_webbed_stairs,
          uniq_asterion, uniq_mlioglotl
Spider:2: layout_spider_delve, uniq_nikola
Spider:3: layout_spider_delve, nicolae_spider_nooks_and_crannies
Spider:4: floodkiller_spider_rune_tomb, hangedman_spider_tarantella_strand
Orc:1:    layout_caves, basic_altar, uniq_erolcha
Orc:2:    grunt_orc_gardens, layout_caves, grunt_orc_garden, grunt_orc_garden,
          grunt_orc_garden, grunt_orc_garden, gammafunk_ghost_split,
          david_defended_altar_orc
Elf:1:    elf_arrival_001, layout_geoelf_diagonals,
          portal_desolation_entry_garden, hangedman_elven_crosses_minicolossus
Elf:2:    elven_hall_of_blades_hangedman_original
          [nicolae_blade_entry_area_security], layout_gridlike,
          lemuel_upstairs_altar
Elf:3:    minmay_elf_hall_x, layout_geoelf_grid, serial_shops, bzr_entry_islet,
          grunt_megastairs_3
Vaults:1: nicolae_vaults_closet_pinwheel_5, nicolae_vaults_puzzle_piece,
          v_alt_pattern_4, nicolae_vaults_diamond_2, dpeg_vaults_monster_row,
          v_misc_28, nicolae_vaults_tetromino_Z_1, nicolae_vaults_double_plus_1,
          hangedman_vaults_slice, layout_vaults_omnigrid
Vaults:2: nicolae_vaults_big_angled_halls, hangedman_vaults_impose,
          minmay_crypt_entry_simple_walls, v_rooms_1,
          nicolae_vaults_quartermaster, ontoclasm_vaults_decontamination,
          ontoclasm_vaults_idyll, v_rooms_5, nicolae_vaults_storage_closets_2,
          ontoclasm_vaults_ligature, nicolae_vaults_mini_display_case,
          nicolae_vaults_apartment_1, nicolae_vaults_yaktaur_gun_rack,
          nicolae_vaults_house_1, nicolae_vaults_surprise_closet,
          layout_vaults_ring, serial_shops, nicolae_shop_statue_plus
Vaults:3: gammafunk_ghost_cemetery, v_misc_4, nicolae_vaults_little_squares_4,
          hangedman_vaults_river_flow, nicolae_vaults_disjoint_gnomons,
          nicolae_vaults_enemy_cabinets, vaults_room_corners,
          nicolae_vaults_big_ls, vaults_mumra_hexcomb, vaults_dpeg_spiral,
          nicolae_vaults_house_2, v_misc_17, layout_vaults_maze, serial_shops,
          nicolae_shop_pleasant_corner_grove
Vaults:4: v_pattern_3, nicolae_vaults_meiosis, vaults_dpeg_doors, st_octagons_2,
          ontoclasm_vaults_claustrophobia, nicolae_vaults_disjoint_gnomons,
          nicolae_vaults_octothorpe, vaults_dpeg_ring, v_misc_2,
          layout_vaults_chaotic_city
Vaults:5: serial_shops, uniq_jory, uniq_bai_suzhen
Depths:1: layout_cave_pools, grunt_hell_entry_dis_mu, kennysheep_pointless_box,
          serial_co_window_serial, co_window_of_opportunity_a,
          co_window_paths_b, co_window_paths_a, co_window_corner_a,
          co_window_paths_a, co_window_paths_a, co_window_2corner,
          co_window_of_opportunity_b, co_window_corner_cb, glass_columns_b,
          glass_columns_a, nicolae_gozag_cash_rules_everything_around_me,
          uniq_sojobo
Depths:2: minmay_the_grid_octo_tiled_squarecenter
          [minmay_the_grid_octo_concentric, minmay_the_grid_octo_focus,
          minmay_the_grid_octo_clover, minmay_the_grid_octo_checkered,
          minmay_the_grid_square_5x5_megaprize_hollow,
          minmay_the_grid_square_5x5_forky,
          minmay_the_grid_square_5x5_two_walls_a,
          minmay_the_grid_square_5x5_bracketed,
          minmay_the_grid_square_5x5_seven], layout_long_grid,
          small_statue_intersection, hell_entry, rand_demon_pan_entry_4
Depths:3: evilmike_diamond_1, layout_long_grid, infiniplex_staircase_pillars_2,
          hellmouth_1, gammafunk_ghost_arena, hangedman_abyss_entry_splay,
          item_on_display_a, firewood_loft, uniq_frederick
Depths:4: grunt_zot_entry_tricorne, layout_gridlike, enter_ziggurat_d,
          hangedman_abyss_or_decor_passed, grunt_mini_vestibule
Zot:1:    kennysheep_six_static_rooms, layout_basic, drop_trap,
          grunt_ministairs_4, st_stairs_5
Zot:2:    layout_gridlike, gammafunk_ghost_tricky_traps
Zot:3:    layout_cellular_growth, basic_altar, nicolae_diode_quadrants
Zot:4:    layout_misc_corridors, gammafunk_ghost_necromancy
Zot:5:    layout_misc_corridors, nicolae_lava_and_water

Skill      XL: |  1  2  3  4  5  6  7  8  9 10 11 12 13 14 15 16 17 18 19 20 21 22 23 |
---------------+----------------------------------------------------------------------+-----
Stealth        | 7 8 9 11 13 14 15 17 18 20 21 | 21.0
Shapeshifting  | 1 2 4 5 6 8 9 10 13 | 13.1
Dodging        | 3 4 5 8 10 11 12 15 18 20 21 23 24 25 26 27 | 27.0
Evocations     | 1 |  1.3
Unarmed Combat | 3 4 6 7 9 10 11 13 14 15 17 18 19 21 22 | 22.1
Hexes          | 1 3 5 6 7 8 11 12 13 15 16 18 19 20 21 24 25 | 25.0
Spellcasting   | 1 2 3 4 5 6 |  6.3
Fighting       | 4 5 6 8 9 10 12 13 14 15 16 17 18 19 | 19.8
Summonings     | 1 |  1.0
Ice Magic      | 1 2 |  2.0
Necromancy     | 2 3 |  3.0

Action                     |  1- 3 |  4- 6 |  7- 9 | 10-12 | 13-15 | 16-18 | 19-21 | 22-24 || total
---------------------------+-------+-------+-------+-------+-------+-------+-------+-------++-------
  Melee: Unarmed           |    83 |   174 |   437 |   393 |   715 |   928 |  1264 |   966 ||  4960
         Bite              |     9 |    18 |    61 |    41 |    72 |   150 |   228 |   170 ||   749
         Punch             |       |     6 |    19 |    15 |    41 |   131 |   206 |   198 ||   616
   Cast: Slow              |       |    33 |    40 |    43 |    13 |    19 |       |       ||   148
         Confusing Touch   |       |     7 |    79 |    60 |    50 |    97 |    46 |     1 ||   340
         Ensorcelled Hiber |       |       |       |   242 |   482 |   305 |     8 |       ||  1037
         Anguish           |       |       |       |       |     9 |    26 |       |     2 ||    37
         Summon Small Mamm |       |       |       |       |     6 |     5 |       |     1 ||    12
         Cause Fear        |       |       |       |       |    12 |    12 |     8 |     4 ||    36
         Tukima's Dance    |       |       |       |       |       |    90 |    62 |    34 ||   186
         Enfeeble          |       |       |       |       |       |       |   245 |   155 ||   400
         Apportation       |       |       |       |       |       |       |       |     1 ||     1
 Invoke: Potion Petition   |       |       |       |       |       |     2 |     1 |     4 ||     7
         Call Merchant     |       |       |       |       |       |     1 |       |       ||     1
         Bribe Branch      |       |       |       |       |       |       |       |     5 ||     5
  Evoke: Wand              |       |    17 |    13 |     4 |    21 |    13 |     2 |     3 ||    73
         Condenser vane    |       |       |       |       |       |     1 |       |     1 ||     2
         Lightning rod     |       |       |       |       |       |       |     1 |       ||     1
    Use: Potion            |     1 |     4 |     3 |     1 |     8 |    10 |     6 |    15 ||    48
         Scroll            |     1 |     1 |     8 |     3 |    15 |    12 |     4 |     8 ||    52
   Stab: Sleeping          |    17 |     4 |    19 |   125 |   310 |   197 |    32 |    46 ||   750
         Paralysed         |       |     5 |       |       |       |       |       |       ||     5
         Distracted        |       |     1 |     4 |     3 |    12 |     6 |    17 |    18 ||    61
         Confused          |       |     5 |    46 |    35 |    24 |    70 |    32 |       ||   212
         Invisible         |       |       |       |       |       |     4 |   179 |   104 ||   287
         Petrified         |       |       |       |       |       |       |       |     5 ||     5
         Petrifying        |       |       |       |       |       |       |       |     2 ||     2
 Armour: Skin              |     1 |     6 |    11 |    20 |    30 |    22 |    14 |    12 ||   116
  Dodge: Dodged            |    56 |   136 |   227 |   279 |   765 |   873 |  1071 |   805 ||  4212
  Block: Other             |       |       |       |       |   168 |   163 |   170 |   122 ||   623
         Reflection        |       |       |       |       |    11 |    13 |     4 |    10 ||    38
   Form: Beast             |       |       |     1 |     1 |     2 |     5 |       |     3 ||    12
         Maw               |       |       |       |     1 |       |       |       |       ||     1
         Blade             |       |       |       |       |     2 |     5 |       |     4 ||    11

Table legend: (Time is in decaauts)
 A = Elapsed time spent in this place.
 B = Non-inter-level travel time spent in this place.
 C = Inter-level travel time spent in this place.
 D = Time resting spent in this place.
 E = Time spent auto-exploring this place.
 F = Levels seen in this place.
 G = Mean time per level.
                   A        B        C        D        E       F      G
               +--------+--------+--------+--------+--------+-----+--------+
         Total |  95063 |  89826 |   5237 |  31657 |  23595 |  50 | 1901.3 |
       Dungeon |  20051 |  17913 |   2138 |   3035 |   7655 |  15 | 1336.7 |
        Temple |    130 |     73 |     57 |      0 |      0 |   1 |  130.0 |
          Lair |  11959 |  11302 |    657 |   3821 |   3543 |   5 | 2391.8 |
         Swamp |   7864 |   7510 |    354 |   3736 |   1263 |   4 | 1966.0 |
   Spider Nest |   8804 |   8512 |    292 |   2890 |   2133 |   4 | 2201.0 |
  Orcish Mines |   2418 |   2342 |     76 |    662 |   1068 |   2 | 1209.0 |
   Elven Halls |   4330 |   4243 |     87 |   1491 |   1085 |   3 | 1443.3 |
        Vaults |  17059 |  16072 |    987 |   5600 |   3548 |   5 | 3411.8 |
        Depths |  13725 |  13397 |    328 |   6790 |   1691 |   4 | 3431.2 |
           Zot |   7576 |   7319 |    257 |   3239 |   1302 |   5 | 1515.2 |
        Bazaar |     67 |     67 |      0 |      0 |      9 |   1 |   67.0 |
    Desolation |   1074 |   1074 |      0 |    390 |    294 |   1 | 1074.0 |
               +--------+--------+--------+--------+--------+-----+--------+

Top non-repeatable levels by time:
  Lair:3: 5832 daAuts
Vaults:1: 5100 daAuts
Depths:3: 4729 daAuts
Depths:4: 4195 daAuts
Vaults:3: 3455 daAuts
Spider:4: 3359 daAuts
Vaults:2: 3345 daAuts
 Swamp:3: 2884 daAuts
Vaults:5: 2651 daAuts
Vaults:4: 2507 daAuts
 Swamp:1: 2481 daAuts
Depths:2: 2440 daAuts
Depths:1: 2360 daAuts
   Zot:3: 2162 daAuts
Spider:3: 2080 daAuts
